 Dungeon Sprint DCSS version 0.17-a0-2127-g1cb09f6 (webtiles) character file.

4767 Kidiri the Covert (level 10, -5/44 HPs)
             Began as a Spriggan Enchanter on Oct 23, 2015.
             Was the Champion of Dithmenos.
             Slain by a spiny frog (17 damage)
             ... in the Dungeon (Sprint III: "The Ten Rune Challenge").
             The game lasted 00:09:18 (2175 turns).

Kidiri the Covert (Spriggan Enchanter)              Turns: 2175, Time: 00:09:18

Health: -5/44      AC:  4    Str:  2    XL:     10   Next: 23%
Magic:  24/26      EV: 30    Int: 19    God:    Dithmenos [******]
Gold:   36         SH:  0    Dex: 18    Spells: 8 memorised, 5 levels left

rFire  . . .     SeeInvis +     a - +1 dagger
rCold  . . .     Clarity  .     b - +1 robe
rNeg   . . .     SustAt   .     (shield restricted)
rPois  .         Gourm    .     (helmet restricted)
rElec  .         Spirit   .     (no cloak)
rCorr  .         Warding  .     (gloves unavailable)
rMut   .         NoTele   +     (boots unavailable)
MR     +....                    (no amulet)
Stlth  ++++++++++               (no ring)
                                (no ring)

@: wreathed by umbra, very quick, somewhat resistant to hostile enchantments,
uncannily stealthy
A: unfitting armour, see invisible, herbivore 3, speed 3, shaggy fur 1, slow
metabolism 2, spit poison 1, weak 1, MP-powered wands
a: Spit Poison, Shadow Step, Shadow Form, Renounce Religion


You were in the Dungeon.
You worshipped Dithmenos.
Dithmenos was exalted by your worship.
You were not hungry.

You visited 1 branch You collected 36 gold pieces.

Inventory:

Hand Weapons
 a - a +1 dagger (weapon)
Missiles
 c - 10 throwing nets (quivered)
Armour
 b - a +1 robe (worn)
Scrolls
 j - a scroll of blinking
 k - 2 scrolls of remove curse
 m - a scroll of holy word
 n - a scroll of identify
Potions
 e - a potion of curing
 f - a potion of heal wounds
 g - 2 potions of haste
 h - 2 potions of magic
 i - 2 potions of berserk rage
 p - 2 potions of cure mutation
 q - 2 potions of flight
Comestibles
 d - a bread ration
 l - 27 royal jellies
 o - 5 fruits


   Skills:
 * Level 10.5 Short Blades
 + Level 5.0 Armour
 * Level 13.7 Dodging
 * Level 14.7 Stealth
 * Level 11.5 Spellcasting
 + Level 4.5 Conjurations
 + Level 8.9 Hexes
 + Level 5.2 Ice Magic
 + Level 5.0 Air Magic
 + Level 5.1 Poison Magic
 - Level 2.4 Invocations


You had 5 spell levels left.
You knew the following spells:

 Your Spells              Type           Power        Failure   Level  Hunger
a - Corona                Hex            #####..      1%          1    None
b - Ensorcelled Hibernat  Hex/Ice        #####.       1%          2    None
c - Confuse               Hex            #####...     1%          3    None
d - Tukima's Dance        Hex            #####...     1%          3    None
e - Dazzling Spray        Conj/Hex       #####...     1%          3    None
f - Mephitic Cloud        Conj/Pois/Air  ####....     2%          3    None
g - Freezing Cloud        Conj/Ice/Air   ####......   97%         6    ######.
h - Poisonous Cloud       Conj/Pois/Air  ####......   97%         6    ######.


Dungeon Overview and Level Annotations

Branches:
Dungeon (1/1)

Altars:
Cheibriados
Dithmenos
Elyvilon
Fedhas
Gozag
Kikubaaqudgha
Makhleb
Nemelex Xobeh
Okawaru
Qazlal
Ru
Sif Muna
Trog
Vehumet
Xom
Yredelemnul
Zin
The Shining One
Jiyva
Lugonu


Innate Abilities, Weirdness & Mutations

You are tiny and cannot use many weapons and most armour.
You have supernaturally acute eyesight.
You are a herbivore.
You cover ground extremely quickly.
You need consume almost no food.
You are covered in fur (AC +1).
You can spit weak poison.
You are weak. (Str -2)
You expend magic power (3 MP) to strengthen your wands.


Message History

The spiny frog poisons you!
The komodo dragon completely misses you.
The spiny frog stings you!!
Ouch! That really hurt!
* * * LOW HITPOINT WARNING * * *
You emit a cloud of dark smoke.
* * * LOW HITPOINT WARNING * * *
You feel sick.
There is an open door here.
Unknown command.
Drink which item? (? for menu, Esc to quit)
You feel better. The spiny frog misses you.
Casting: Dazzling Spray
Confirm with . or Enter, or press ? or * to list all spells.
Aiming: Ensorcelled Hibernation
Press: ? - help, Shift-Dir - straight line, f - spiny frog
Aim: a spiny frog (black smoke, umbra, chance to defeat MR: 65%)
The spiny frog resists with significant effort.
The spiny frog stings you!
You die...

..####...#...######'#
..###....#.⌠.#__#...#+###########
..##.....#...#__#...#....#.#.#...
..#......#'###__#...##.#..#.##.##
##.#.....#...#__#...'##.#.#.##.#.
#####....#___#_.+...#...#..#..##.
▓ ▓▓▓▓▓▓▓▓▓▓▓▓▓▓▓▓▓▓▓▓▓▓▓▓▓▓▓▓▓
♣♣≈≈≈........≈≈≈..
+♣♣@♣≈≈≈≈≈≈≈≈≈≈≈≈♣♣P
#lF♣♣♣♣♣♣♣♣♣♣♣♣♣♣♣♣P #§F♣ ♣♣ ###+


You could see a komodo dragon and 2 spiny frogs.

Vanquished Creatures
  Erolcha (D)
  3 wandering mushrooms (D)
  A deep elf priest (D)
  A queen bee (D)
  2 trapdoor spiders (D)
  A shadow (D)
  A redback (D)
  A spatial vortex (D)
  2 hill giants (D)
  A necrophage (D)
  A two-headed ogre (D)
  A water elemental (D)
  A scorpion (D)
  32 killer bees (D)
  A jelly (D)
  A wizard (D)
  A necromancer (D)
  3 humans (D)
  A kobold demonologist (D)
  4 rats (D)
60 creatures vanquished.

Vanquished Creatures (collateral kills)
  2 two-headed ogres (D)
2 creatures vanquished.

Vanquished Creatures (others)
  2 draconian scorchers (D)
  2 yaktaurs (D)
4 creatures vanquished.

Grand Total: 66 creatures vanquished

Notes
Turn   | Place    | Note
--------------------------------------------------------------
     0 | D        | Kidiri the Spriggan Enchanter began the quest for the Orb.
     0 | D        | Reached XP level 1. HP: 9/9 MP: 5/5
    57 | D        | Noticed a scorpion
    60 | D        | Killed a scorpion
    60 | D        | Reached skill level 1 in Armour
    60 | D        | Reached skill level 5 in Dodging
    60 | D        | Reached skill level 6 in Stealth
    60 | D        | Reached XP level 2. HP: 13/13 MP: 5/8
    60 | D        | Reached XP level 3. HP: 16/16 MP: 6/10
    80 | D        | Learned a level 2 spell: Ensorcelled Hibernation
    84 | D        | Learned a level 3 spell: Confuse
    88 | D        | Learned a level 3 spell: Dazzling Spray
   113 | D        | Reached skill level 7 in Stealth
   113 | D        | Reached XP level 4. HP: 21/21 MP: 2/11
   118 | D        | Learned a level 3 spell: Tukima's Dance
   212 | D        | Gained mutation: You are covered in fur (AC +1). [potion of mutation]
   212 | D        | Gained mutation: You can spit weak poison. [potion of mutation]
   212 | D        | Gained mutation: You evolve. [potion of mutation]
   213 | D        | Lost mutation: You evolve. [potion of mutation]
   213 | D        | Gained mutation: You are weak. (Str -2) [potion of mutation]
   213 | D        | Gained mutation: You expend magic power (3 MP) to strengthen your wands. [potion of mutation]
   227 | D        | Noticed a water elemental
   229 | D        | Killed a water elemental
   229 | D        | Reached skill level 5 in Spellcasting
   229 | D        | Reached skill level 1 in Conjurations
   229 | D        | Reached skill level 1 in Ice Magic
   243 | D        | Noticed a jelly
   244 | D        | Noticed a shadow
   246 | D        | Killed a shadow
   246 | D        | Reached skill level 5 in Short Blades
   246 | D        | Reached skill level 8 in Dodging
   246 | D        | Reached skill level 9 in Stealth
   246 | D        | Reached skill level 5 in Hexes
   246 | D        | Reached XP level 5. HP: 24/24 MP: 13/15
   246 | D        | Reached XP level 6. HP: 28/28 MP: 13/16
   250 | D        | Killed a jelly
   276 | D        | Found a stormy altar of Qazlal.
   277 | D        | Found a sacrificial altar of Ru.
   277 | D        | Found a burning altar of Makhleb.
   277 | D        | Found a viscous altar of Jiyva.
   277 | D        | Found a shimmering altar of Xom.
   277 | D        | Found a shadowy altar of Dithmenos.
   277 | D        | Found a sparkling altar of Nemelex Xobeh.
   277 | D        | Found a corrupted altar of Lugonu.
   277 | D        | Found an opulent altar of Gozag.
   277 | D        | Noticed a spatial vortex
   281 | D        | Became a worshipper of Dithmenos the Shadowed
   297 | D        | Killed a spatial vortex
   297 | D        | Reached skill level 10 in Stealth
   297 | D        | Reached skill level 1 in Invocations
   310 | D        | Killed a white draconian scorcher
   323 | D        | Killed a yaktaur
   359 | D        | Killed a white draconian scorcher
   420 | D        | Found a radiant altar of Vehumet.
   421 | D        | Found a deep blue altar of Sif Muna.
   421 | D        | Found an ancient bone altar of Kikubaaqudgha.
   421 | D        | Noticed a wizard
   422 | D        | Killed a wizard
   424 | D        | Reached * piety under Dithmenos
   477 | D        | Learned a level 3 spell: Mephitic Cloud
   489 | D        | Found a glowing silver altar of Zin.
   490 | D        | Found a glowing golden altar of the Shining One.
   490 | D        | Found a white marble altar of Elyvilon.
   490 | D        | Noticed a deep elf priest
   492 | D        | Killed a deep elf priest
   492 | D        | Reached skill level 11 in Stealth
   492 | D        | Reached skill level 1 in Air Magic
   492 | D        | Reached skill level 1 in Poison Magic
   492 | D        | Reached XP level 7. HP: 32/32 MP: 17/19
   510 | D        | Learned a level 6 spell: Freezing Cloud
   511 | D        | Found an iron altar of Okawaru.
   512 | D        | Found a bloodstained altar of Trog.
   512 | D        | Noticed a human
   512 | D        | Noticed a human
   520 | D        | Killed a human
   520 | D        | Reached skill level 10 in Dodging
   522 | D        | Killed a human
   522 | D        | Reached ** piety under Dithmenos
   575 | D        | Killed a yaktaur
   583 | D        | Found a snail-covered altar of Cheibriados.
   583 | D        | Noticed a necrophage
   584 | D        | Found a basalt altar of Yredelemnul.
   584 | D        | Found a blossoming altar of Fedhas.
   584 | D        | Noticed a necromancer
   588 | D        | Killed a necromancer
   598 | D        | Killed a necrophage
   598 | D        | Reached XP level 8. HP: 19/34 MP: 13/22
   753 | D        | Noticed a two-headed ogre
   753 | D        | Noticed a two-headed ogre
   759 | D        | Killed a two-headed ogre
   760 | D        | Killed a two-headed ogre
   760 | D        | Reached *** piety under Dithmenos
   766 | D        | Noticed a two-headed ogre
   776 | D        | Killed a two-headed ogre
   903 | D        | Noticed a hill giant
   906 | D        | Killed a hill giant
   906 | D        | Reached skill level 12 in Stealth
   983 | D        | Noticed Erolcha
   984 | D        | Noticed a hill giant
   987 | D        | Killed a hill giant
   988 | D        | Noticed a redback
   989 | D        | Noticed a trapdoor spider
   997 | D        | Killed Erolcha
   997 | D        | Reached skill level 13 in Stealth
   997 | D        | Reached skill level 10 in Spellcasting
   997 | D        | Reached XP level 9. HP: 37/37 MP: 16/24
  1049 | D        | Learned a level 6 spell: Poisonous Cloud
  1154 | D        | Noticed a trapdoor spider
  1158 | D        | Killed a trapdoor spider
  1158 | D        | Reached **** piety under Dithmenos
  1160 | D        | Killed a redback
  1163 | D        | Killed a trapdoor spider
  1293 | D        | Noticed a killer bee
  1293 | D        | Noticed a killer bee
  1293 | D        | Noticed a killer bee
  1293 | D        | Noticed a killer bee
  1293 | D        | Noticed a killer bee
  1293 | D        | Noticed a queen bee
  1293 | D        | Noticed a killer bee
  1293 | D        | Noticed a killer bee
  1293 | D        | Noticed a killer bee
  1293 | D        | Noticed a killer bee
  1293 | D        | Noticed a killer bee
  1293 | D        | Noticed a killer bee
  1293 | D        | Noticed a killer bee
  1293 | D        | Noticed a killer bee
  1293 | D        | Noticed a killer bee
  1294 | D        | Noticed a killer bee
  1294 | D        | Noticed a killer bee
  1294 | D        | Noticed a killer bee
  1294 | D        | Noticed a killer bee
  1294 | D        | Noticed a killer bee
  1294 | D        | Noticed a killer bee
  1294 | D        | Noticed a killer bee
  1294 | D        | Noticed a killer bee
  1294 | D        | Noticed a killer bee
  1294 | D        | Noticed a killer bee
  1294 | D        | Noticed a killer bee
  1294 | D        | Noticed a killer bee
  1294 | D        | Noticed a killer bee
  1294 | D        | Noticed a killer bee
  1294 | D        | Noticed a killer bee
  1294 | D        | Noticed a killer bee
  1294 | D        | Noticed a killer bee
  1294 | D        | Noticed a killer bee
  1295 | D        | Killed a killer bee
  1298 | D        | Killed a killer bee
  1301 | D        | Killed a killer bee
  1301 | D        | Reached ***** piety under Dithmenos
  1303 | D        | Killed a killer bee
  1305 | D        | Killed a killer bee
  1307 | D        | Killed a killer bee
  1309 | D        | Killed a queen bee
  1311 | D        | Killed a killer bee
  1313 | D        | Killed a killer bee
  1315 | D        | Killed a killer bee
  1317 | D        | Killed a killer bee
  1319 | D        | Killed a killer bee
  1321 | D        | Killed a killer bee
  1323 | D        | Killed a killer bee
  1464 | D        | Killed a killer bee
  1467 | D        | Killed a killer bee
  1473 | D        | Killed a killer bee
  1473 | D        | Reached skill level 14 in Stealth
  1475 | D        | Killed a killer bee
  1475 | D        | Reached ****** piety under Dithmenos
  1477 | D        | Killed a killer bee
  1477 | D        | Reached skill level 10 in Short Blades
  1479 | D        | Killed a killer bee
  1481 | D        | Killed a killer bee
  1485 | D        | Killed a killer bee
  1487 | D        | Killed a killer bee
  1760 | D        | Killed a killer bee
  1762 | D        | Killed a killer bee
  1783 | D        | Killed a killer bee
  1786 | D        | Killed a killer bee
  1786 | D        | Reached XP level 10. HP: 42/42 MP: 18/26
  1790 | D        | Killed a killer bee
  1790 | D        | Reached skill level 5 in Ice Magic
  1792 | D        | Killed a killer bee
  1794 | D        | Killed a killer bee
  1873 | D        | Killed a killer bee
  1879 | D        | Killed a killer bee
  1884 | D        | Killed a killer bee
  1985 | D        | Noticed a wandering mushroom
  1986 | D        | Noticed a wandering mushroom
  1986 | D        | Noticed a wandering mushroom
  1995 | D        | Killed a wandering mushroom
  1995 | D        | Reached skill level 5 in Armour
  2087 | D        | Killed a wandering mushroom
  2087 | D        | Reached skill level 5 in Poison Magic
  2091 | D        | Killed a wandering mushroom
  2091 | D        | Reached skill level 5 in Air Magic
  2170 | D        | Noticed a spiny frog
  2170 | D        | Noticed a komodo dragon
  2170 | D        | Noticed a spiny frog
  2175 | D        | Slain by a spiny frog

Vault maps used:
D:        dungeon_sprint_mu

Action                   |  1- 3 |  4- 6 |  7- 9 | 10-12 || total
-------------------------+-------+-------+-------+-------++-------
Melee: Dagger            |     7 |    15 |    69 |     9 ||   100
 Cast: Ensorcelled Hiber |     4 |       |    40 |     9 ||    53
       Dazzling Spray    |       |     6 |     6 |     9 ||    21
       Tukima's Dance    |       |       |     6 |       ||     6
       Confuse           |       |       |     1 |       ||     1
Invok: Shadow Step       |       |       |     1 |     2 ||     3
  Use: Scroll            |       |     3 |       |       ||     3
       Potion            |       |     2 |       |     1 ||     3
 Stab: Sleeping          |     4 |     6 |    33 |     7 ||    50
       Invisible         |       |       |     2 |       ||     2
       Confused          |       |       |     2 |       ||     2
